 Dungeon Crawl Stone Soup version 0.28-a0-178-ga708605c5b (webtiles) character file.

Game seed: 7031837369355760378

500 mg7810 the Chopper (level 6, -1/56 HPs)
             Began as a Deep Dwarf Fighter on Aug 16, 2021.
             Was a Plaything of Xom.
             Slain by Pikel (2 damage)
             ... on level 4 of the Dungeon on Aug 17, 2021.
             The game lasted 00:12:01 (2652 turns).

mg7810 the Chopper (Deep Dwarf Fighter)             Turns: 2652, Time: 00:12:02

Health: -1/56      AC:  7    Str: 21    XL:     6   Next: 94%
Magic:  5/5        EV:  8    Int:  9    God:    Xom [..*...]
Gold:   114        SH:  9    Dex: 12    Spells: 5/5 levels left

rFire   . . .      SeeInvis .   a - +0 war axe
rCold   . . .      Faith    .   c - +0 kite shield
rNeg    . . .      Spirit   .   b - +0 scale mail
rPois   .          Reflect  .   (no helmet)
rElec   .          Harm     .   (no cloak)
rCorr   .          Rampage  .   (no gloves)
Will    +....                   (no boots)
Stlth   ..........              (no amulet)
HPRegen 0.00/turn               n - ring of willpower
MPRegen 0.09/turn               (no ring)

@: mighty
A: damage resistance, heal wounds, sense surroundings 1, no regeneration
a: Heal Wounds, Renounce Religion


You were on level 4 of the Dungeon.
You worshipped Xom.
You were a toy of Xom.
You visited 1 branch of the dungeon, and saw 4 of its levels.

You collected 114 gold pieces.

Inventory:

Hand Weapons
 a - a +0 war axe (weapon)
Missiles
 g - 8 silver boomerangs (quivered)
Armour
 b - a +0 scale mail (worn)
 c - a +0 kite shield (worn)
Jewellery
 n - a ring of willpower (left hand)
Scrolls
 e - a scroll of enchant weapon {unknown}
 f - a scroll of magic mapping
 i - a scroll of fear {unknown}
 j - a scroll of noise {unknown}
 l - a scroll of blinking
Potions
 h - a potion of might
 o - a potion of flight {unknown}
 p - a potion of curing {unknown}


   Skills:
 + Level 3.5 Fighting
 + Level 4.8 Axes
 * Level 2.5 Throwing
 + Level 4.7 Armour
 + Level 1.6 Dodging
 + Level 4.4 Shields


You had 5 spell levels left.
You didn't know any spells.
Your spell library contained the following spells:

 Spells                   Type           Power      Damage    Failure   Level
 Beastly Appendage        Tmut           0%         N/A       99%         1
 Foxfire                  Conj/Fire      0%         2x1d4     99%         1
 Wereblood                Tmut           0%         N/A       99%         2
 Call Canine Familiar     Summ           0%         N/A       100%        3
 Conjure Flame            Conj/Fire      0%         6-21      100%        3
 Inner Flame              Hex/Fire       0%         N/A       100%        3
 Portal Projectile        Hex/Tloc       0%         N/A       100%        3
 Spider Form              Tmut/Pois      0%         N/A       100%        3
 Tukima's Dance           Hex            0%         N/A       100%        3
 Leda's Liquefaction      Hex/Erth       0%         N/A       100%        4
 Passage of Golubria      Tloc           N/A        N/A       100%        4
 Fireball                 Conj/Fire      0%         3d3       100%        5
 Yara's Violent Unravell  Hex/Tmut       0%         3d3       100%        5
 Starburst                Conj/Fire      0%         6d3       100%        6
 Ignition                 Fire           0%         3d3       100%        8


Dungeon Overview and Level Annotations

Branches:
Dungeon (4/15)
 Temple: D:4-7

Altars:
Xom
Zin

Shops:
D:4 *

Annotations:
D:4 Pikel


Innate Abilities, Weirdness & Mutations

You are resistant to damage.
You can heal yourself by infusing magical energy.
You passively map a small area around you.
You do not regenerate.


Message History

You block the orc's attack. Something hits you but does no damage.
Something hits you.
You miss something. You hit the orc but do no damage. You hit the orc.
The orc is moderately wounded.
Your scale mail prevents you from hitting something.
You hear some strange, mumbled words.
A magic dart appears from out of thin air!
The magic dart hits you.
* * * LOW HITPOINT WARNING * * *
The orc barely misses you.
You miss something. You hit the orc but do no damage.
You block something's attack. The orc hits you but does no damage.
Something hits you but does no damage.
You hit something. You hit the orc. You block the orc's attack.
You hit the orc.
You kill the orc!
You miss something. The orc hits you but does no damage. Something hits you.
You slash the orc!
You kill the orc!
You slash something!
Reactivating autopickup.
You feel a bit more experienced. You block the orc's attack.
You slash the orc!
You kill the orc!
Items here: ))) [ †.
Things that are here:
a +0 dagger; a +0 robe; an orc corpse
Items here: ))) [ †.
Pikel is nearby!
Pikel is nearby!
Okay, then.
You feel very mighty all of a sudden.
You slash Pikel!
Pikel is moderately wounded.
Pikel hits you with a +0 whip of freezing!
* * * LOW HITPOINT WARNING * * *
Pikel freezes you.
You die...
Xom chuckles heartily!

###**** *_,*,_* *****####
*,,,,,***,,,,,..#
###*,,,**,,,,***#.########
..#,,,,,**#..####.#......#
###_,,,_*,.............#.#
***,***,*..####.#.##)#.#
*,,,***#..####.#.##)..#
*,*,***#....K@.#.###..#
*,*,,,....######......#
*,**,..,,,* #####.##
*,**.#***,* #.#
*,##.*#*#,***#######.#
*,..,.,..,,,,#.......#
#####.#.#...,,,,#.#####.#
....#.#....,,,,,*,*####.#
###........,,,,,#,*#....#


You could see Pikel.

Vanquished Creatures
  3 lemures (D:4)
  Blork the orc (D:4)
  A scorpion (D:4)
  A howler monkey (D:4)
  A hound (D:4)
  A bullfrog skeleton (D:4)
  A centaur skeleton (D:3)
  An iguana (D:4)
  2 orc wizards (D:4)
  7 gnolls
  An adder (D:4)
  An adder skeleton (D:4)
  A worm (D:3)
  2 dart slugs
  15 orcs
  8 ball pythons
  3 endoplasms
  2 giant cockroaches
  7 goblins
  9 hobgoblins
  4 jackals
  2 quokkas (D:1)
  7 bats
  A frilled lizard (D:2)
  14 kobolds
  2 rats
98 creatures vanquished.

Notes
Turn   | Place    | Note
-------+----------+-------------------------------------------
     0 | D:1      | mg7810 the Deep Dwarf Fighter began the quest for the Orb.
     0 | D:1      | Reached XP level 1. HP: 20/20 MP: 1/1
   115 | D:1      | Found a faded altar of an unknown god.
   141 | D:1      | Became a worshipper of Xom of Chaos
   149 | D:1      | Reached XP level 2. HP: 17/27 MP: 2/2
   688 | D:2      | XOM: silly message
   868 | D:2      | Reached XP level 3. HP: 3/33 MP: 3/3
   961 | D:2      | Reached XP level 4. HP: 33/42 MP: 4/4
  1101 | D:2      | Reached skill level 1 in Throwing
  1246 | D:2      | XOM: silly message
  1522 | D:3      | XOM: cast spell 'Cause Fear'
  1664 | D:3      | Reached skill level 1 in Dodging
  1664 | D:3      | Reached XP level 5. HP: 10/49 MP: 5/5
  1960 | D:3      | XOM: silly message
  2009 | D:3      | Upgraded the game from 0.28-a0-172-g787e458d71 to
                  | 0.28-a0-178-ga708605c5b
  2100 | D:4      | Noticed Blork the orc
  2117 | D:4      | Killed Blork the orc
  2123 | D:4      | Reached XP level 6. HP: 9/56 MP: 5/5
  2148 | D:4      | XOM: silly message
  2159 | D:4      | HP: 3/84 [scorpion (1)]
  2184 | D:4      | Found Wap Amnu's Assorted Antiques.
  2226 | D:4      | XOM: potion effect (brilliance)
  2259 | D:4      | Found a glowing silver altar of Zin.
  2260 | D:4      | Noticed Pikel
  2283 | D:4      | XOM: confuse monster(s)
  2295 | D:4      | XOM: cast spell 'Alistair's Intoxication'
  2305 | D:4      | HP: 1/56 [orc (2)]
  2356 | D:4      | XOM: enchant monster (good)
  2378 | D:4      | XOM: 1-stop teleportation journey
  2464 | D:4      | HP: 2/56 [something (2)]
  2485 | D:4      | XOM: noise
  2652 | D:4      | HP: 1/56 [Pikel (6)]
  2652 | D:4      | Slain by Pikel

Illustrated notes

Levels and vault maps discovered:
D:1:      erik_arrival_triangle_medium, layout_loops_ring,
          basic_ecumenical_altar, st_stairs_7
D:2:      layout_basic
D:3:      layout_rooms, roderic_filled_cross, st_stairs_9,
          guppyfry_early_orc_mine
D:4:      layout_loops_cross, mainiacjoe_overflow_alcove_3, lemuel_tele_altar,
          nicolae_stop_n_shop_1, uniq_blork_the_orc, uniq_pikel, uniq_grinder

Skill      XL: |  1  2  3  4  5 |
---------------+----------------+-----
Fighting       | 3 |  3.5
Shields        | 4 |  4.4
Throwing       | 1 2 |  2.5
Axes           | 3 4 |  4.8
Armour         | 4 |  4.7
Dodging        | 1 |  1.6

Action                   |  1- 3 |  4- 6 || total
-------------------------+-------+-------++-------
Melee: War axe           |    76 |   183 ||   259
Throw: Boomerang         |       |     5 ||     5
 Abil: Heal Wounds       |     1 |     4 ||     5
  Use: Potion            |     1 |     8 ||     9
       Scroll            |       |     4 ||     4
 Stab: Paralysed         |       |     3 ||     3
       Invisible         |       |     1 ||     1
Armor: Scale mail        |    32 |   109 ||   141
       Skin              |       |     9 ||     9
Dodge: Dodged            |    28 |    77 ||   105
Block: Kite shield       |    54 |   107 ||   161

Table legend: (Time is in decaauts)
 A = Elapsed time spent in this place.
 B = Non-inter-level travel time spent in this place.
 C = Inter-level travel time spent in this place.
 D = Time resting spent in this place.
 E = Time spent auto-exploring this place.
 F = Levels seen in this place.
 G = Mean time per level.
                   A        B        C        D        E       F      G
               +--------+--------+--------+--------+--------+-----+--------+
         Total |   2806 |   2689 |    117 |      0 |   1851 |   4 |  701.5 |
       Dungeon |   2806 |   2689 |    117 |      0 |   1851 |   4 |  701.5 |
               +--------+--------+--------+--------+--------+-----+--------+

Top non-repeatable levels by time:
     D:2: 821 daAuts
     D:1: 711 daAuts
     D:4: 685 daAuts
     D:3: 588 daAuts
